 Dungeon Crawl Stone Soup version 0.23.2-40-g277498a001 (webtiles) character file.

Game seed: 10020969496671884510

59 Kikorro the Conjurer (level 3, -1/28 HPs)
             Began as a Draconian Conjurer on Sept 2, 2019.
             Killed from afar by an orc wizard (5 damage)
             ... with a puff of flame
             ... on level 2 of the Dungeon.
             The game lasted 00:11:04 (2809 turns).

Kikorro the Conjurer (Draconian Conjurer)           Turns: 2809, Time: 00:11:04

Health: -1/28      AC:  5    Str: 10    XL:     3   Next: 78%
Magic:  5/6        EV: 12    Int: 16    God:
Gold:   231        SH:  0    Dex: 11    Spells: 5/6 levels left

rFire    . . .     SeeInvis .   (no weapon)
rCold    . . .     Gourm    .   (no shield)
rNeg     . . .     Faith    .   (armour unavailable)
rPois    .         Spirit   .   (helmet restricted)
rElec    .         Reflect  .   (no cloak)
rCorr    .         Harm     .   (no gloves)
MR       .....                  (no boots)
Stlth    ++........             (no amulet)
HPRegen  0.09/turn              (no ring)
MPRegen  0.10/turn              (no ring)

@: no status effects
A: unfitting armour, cold-blooded, AC +5
a: no special abilities


You were on level 2 of the Dungeon.
You were not hungry.

You visited 1 branch of the dungeon, and saw 3 of its levels.

You collected 231 gold pieces.

Inventory:

Scrolls
 d - a scroll of fog {unknown}
 e - a scroll of remove curse
 g - a scroll of noise {unknown}
 h - a scroll of teleportation
 j - a scroll of fear {unknown}
Potions
 a - a potion of might
 c - a potion of berserk rage {unknown}
 f - a potion of heal wounds
 i - a potion of lignification
 k - a potion of haste {unknown}
Comestibles
 b - 3 rations


   Skills:
 + Level 1.4 Fighting
 + Level 2.5 Dodging
 + Level 1.9 Stealth
 - Level 0.4 Unarmed Combat
 + Level 2.2 Spellcasting
 + Level 4.4 Conjurations


You had 5 spell levels left.
You knew the following spells:

 Your Spells              Type           Power        Failure   Level  Hunger
a - Magic Dart            Conj           ###.         3%          1    #......

Your spell library contained the following spells:

 Spells                   Type           Power        Failure   Level  Hunger
 Searing Ray              Conj           ###...       4%          2    ###....
 Dazzling Spray           Conj/Hex       #.....       24%         3    ###....
 Iskenderun's Mystic Bla  Conj           ###.....     32%         4    #####..
 Force Lance              Conj/Tloc      #.......     63%         4    #####..
 Fulminant Prism          Conj/Hex       #.........   63%         4    #####..


Dungeon Overview and Level Annotations

Branches:
Dungeon (3/15)

Altars:
Hepliaklqana
Kikubaaqudgha
Xom


Innate Abilities, Weirdness & Mutations

Your plain brown scales are hard. (AC +5)
You cannot fit into any form of body armour.
You are cold-blooded and may be slowed by cold attacks.


Message History

The orc wizard is almost dead.
The orc wizard mumbles some strange words.
The orc wizard flickers and vanishes!
Deactivating autopickup; reactivate with Ctrl-A.
You closely miss something.
You hear some strange, mumbled words.
Something tries to affect you, but you resist.
You miss something. Something hits you but does no damage.
You hit something but do no damage. Something hits you.
* * * LOW HITPOINT WARNING * * *
Casting: Magic Dart (safe; 3% risk of failure)
Confirm with . or Enter, or press ? or * to list all spells.
You can't see any susceptible monsters within range! (Use Z to cast anyway.) Unknown command.
You miss something. Something hits you but does no damage.
You miss something.
You hear some strange, mumbled words.
A puff of flame appears from out of thin air!
The puff of flame hits you.
You die...

#..........###..#....
#..........# #..#....
#..........# #..#....
##########..(..[....###..#....
#........#....>...............
#........#{.........###..####.
#.............####### #..####.
#..........######Z## #..##...
#.........(.{@##l#ยง##
#..##.#. ########....#.#####.#
#.....#.
#..(##..._#l####.#####.
#...###...####...#..... #...#
#_..########.####
#...#####...# #.# #.
#[.....####'######.# #.
#........#..#......# #.
#........[..#......# #.


There were no monsters in sight!

Vanquished Creatures
  2 adders (D:2)
  A leopard gecko (D:1)
  5 orcs
  7 bats
  2 giant cockroaches
  5 hobgoblins
  3 kobolds
  A ball python (D:1)
  3 goblins
  5 rats
34 creatures vanquished.

Notes
Turn   | Place    | Note
-------+----------+-------------------------------------------
     0 | D:1      | Kikorro the Draconian Conjurer began the quest for the Orb.
     0 | D:1      | Reached XP level 1. HP: 14/14 MP: 3/3
   218 | D:1      | Reached XP level 2. HP: 19/22 MP: 5/5
  1198 | D:2      | HP: 1/22 [poisoned by an adder]
  1204 | D:2      | Reached skill level 1 in Fighting
  1420 | D:2      | Reached XP level 3. HP: 21/28 MP: 6/6
  1553 | D:2      | Found a shimmering altar of Xom.
  1554 | D:2      | Found a hazy altar of Hepliaklqana.
  1554 | D:2      | Noticed a wyvern
  1555 | D:2      | Noticed a spectral ugly thing
  1555 | D:2      | Noticed a wyvern
  2068 | D:2      | Found an ancient bone altar of Kikubaaqudgha.
  2809 | D:2      | Killed from afar by an orc wizard

Skill      XL: |  1  2 |
---------------+-------+-----
Dodging        | 2 |  2.5
Fighting       | 1 |  1.4
Stealth        | |  1.9
Unarmed Combat | |  0.4
Spellcasting   | |  2.2
Conjurations   | |  4.4

Action                   || total
-------------------------++-------
Melee: Unarmed           ||   236
       Tailslap          ||    24
 Cast: Magic Dart        ||    31
  Use: Potion            ||     1
       Scroll            ||     4
  Eat: Chunk             ||     3
       Ration            ||     1
Armor: Skin              ||    99
Dodge: Dodged            ||   172
